 Dungeon Crawl Stone Soup version 0.29.1-1-gd02db6906a (webtiles) character file.

Game seed: 14488161404379108317

4 anonymouscript the Covered (level 1, 0/19 HPs)
             Began as a Meteoran Fighter on Sept 27, 2022.
             Frozen to death by an endoplasm (2 damage)
             ... on level 3 of the Dungeon.
             The game lasted 00:00:30 (45 turns).

anonymouscript the Covered (Meteoran Fighter)         Turns: 45, Time: 00:00:30

Health: 0/19       AC:  7    Str: 17    XL:     1   Next: 85%
Magic:  2/2        EV:  9    Int:  9    God:
Gold:   0          SH:  5    Dex: 13    Spells: 0/0 levels left

rFire   . . .      SeeInvis .   a - +0 war axe
rCold   . . .      Faith    .   c - +0 buckler
rNeg    . . .      Spirit   .   b - +0 scale mail
rPois   .          Reflect  .   (no helmet)
rElec   .          Harm     .   (no cloak)
rCorr   .          Rampage  .   (no gloves)
Will    .....                   (no boots)
Stlth   ..........              (no amulet)
HPRegen 0.06/turn               (no ring)
MPRegen 0.08/turn               (no ring)

@: mighty, glowing
A: sense surroundings 1, otherworldly, glowing, explore regen
a: no special abilities


You were on level 3 of the Dungeon.
You visited 1 branch of the dungeon, and saw 3 of its levels.

Inventory:

Hand Weapons
 a - a +0 war axe (weapon)
Armour
 b - a +0 scale mail (worn)
 c - a +0 buckler (worn)
Scrolls
 e - a scroll of fear {unknown}


   Skills:
 + Level 3.3 Fighting
 + Level 2.4 Axes
 + Level 3.7 Armour
 + Level 3.7 Shields


You couldn't memorise any spells.
You didn't know any spells.
Your spell library was empty.

Dungeon Overview and Level Annotations

Branches:
Dungeon (3/15) Zot: 1746

Altars:


Innate Abilities, Weirdness & Mutations

You passively map a small area around you.
You are easily found by Zot.
You glow in the dark.
You regain HP and MP as you explore.


Message History

A hobgoblin comes into view. It is wielding a +0 long sword.
You see here a +0 club.
The hobgoblin hits you but does no damage.
The goblin shoots a sling bullet.
The sling bullet hits you but does no damage.
You closely miss the hobgoblin.
The hobgoblin hits you with a +0 long sword.
The goblin shoots a sling bullet.
You block the sling bullet.
The hobgoblin hits you but does no damage.
The goblin shoots a sling bullet.
The sling bullet hits you.
You slash the hobgoblin!
You kill the hobgoblin!
The goblin shoots a sling bullet.
The sling bullet barely misses you.
The goblin shoots a sling bullet.
You block the sling bullet.
An endoplasm comes into view.
The endoplasm quivers.
The goblin unwields a +0 sling.
The goblin wields a +0 club.
The goblin barely misses you.
You closely miss the goblin. The goblin hits you with a +0 club.
You barely miss the goblin. You block the goblin's attack.
The goblin closely misses you.
You hit the endoplasm but do no damage. You hit the goblin.
You kill the goblin!
The endoplasm freezes you.
You are frozen.
The endoplasm freezes you.
You are frozen.
* * * LOW HITPOINT WARNING * * *
Unknown command.
The endoplasm attacks as you move away! You block the endoplasm's attack.
You hit the endoplasm but do no damage. The endoplasm freezes you.
You are frozen.
* * * LOW HITPOINT WARNING * * *
You feel very mighty all of a sudden.
The endoplasm hits you but does no damage.
You completely miss the endoplasm. The endoplasm barely misses you.
The endoplasm freezes you.
You are frozen.
You die...

, , * * ,
#......
#.....#
#.....## #..
..., * * #..
..#* * *
#..##.#####.#
#.)#........#
, #..J@<#
#.##.)#####.
#, #.........
, *
#)#####... ,
#.. , , ,
#### ** * * *
* * *, , , ,


You could see an endoplasm.

Vanquished Creatures
  An orc (D:3)
  A hobgoblin (D:3)
  A goblin (D:3)
3 creatures vanquished.

Notes
Turn   | Place    | Note
-------+----------+-------------------------------------------
     0 | D:1      | anonymouscript the Meteoran Fighter began the quest for the
                  | Orb.
     0 | D:1      | Reached XP level 1. HP: 19/19 MP: 2/2
    45 | D:3      | Frozen to death by an endoplasm

Illustrated notes

Levels and vault maps discovered:
D:1:      ncdulo_wetmaze, layout_loops_corners,
          dreamdust_ecumenical_altar_sealed_demon
D:2:      layout_basic, uniq_crazy_yiuf_cottage
D:3:      layout_loops_ring, uniq_jessica, uniq_grinder

Action                   || total
-------------------------++-------
Melee: War axe           ||     9
  Use: Potion            ||     1
Armor: Scale mail        ||     4
Dodge: Dodged            ||     5
Block: Buckler           ||     4
